 Dungeon Crawl Stone Soup version 0.25-a0-290-g4a1327ee3a (webtiles) character file.

Game seed: 1588725039013371576, levelgen mode: deterministic

0 Gargoyl the Skirmisher (level 1, -14/19 HPs)
             Began as a Centaur Abyssal Knight on Dec 14, 2019.
             Was a Follower of Lugonu.
             Demolished by a tentacled starspawn (23 damage)
             ... on level 2 of the Abyss.
             The game lasted 00:00:22 (49 turns).

Gargoyl the Skirmisher (Centaur Abyssal Knight)       Turns: 49, Time: 00:00:24

Health: -14/19     AC:  4    Str: 14    XL:     1   Next: 0%
Magic:  2/2        EV:  6    Int: 11    God:    Lugonu [*.....]
Gold:   33         SH:  0    Dex:  8    Spells: 0/0 levels left

rFire    . . .     SeeInvis .   d - +2 glaive (chop)
rCold    . . .     Gourm    .   (shield currently unavailable)
rNeg     . . .     Faith    .   b - +0 leather armour
rPois    .         Spirit   .   (no helmet)
rElec    .         Reflect  .   (no cloak)
rCorr    .         Harm     .   (no gloves)
MR       .....                  (no barding)
Stlth    ..........             (no amulet)
HPRegen  0.06/turn              (no ring)
MPRegen  0.08/turn              (no ring)

@: constricted, very quick
A: large, hooves 3, deformed body, speed 2, tough skin 3
a: Depart the Abyss, Renounce Religion


You were on level 2 of the Abyss.
You worshipped Lugonu.
Lugonu was aware of your devotion.
You were not hungry.

You visited 0 branches of the dungeon, and saw 0 of its levels.
You visited the Abyss 1 time.

You collected 33 gold pieces.

Inventory:

Hand Weapons
 a - a +1 hand axe
 d - a +2 glaive of chopping (weapon)
Armour
 b - a +0 leather armour (worn)
Comestibles
 c - a ration


   Skills:
 + Level 3.0 Fighting
 + Level 1.7 Axes
 + Level 1.3 Armour
 + Level 0.6 Dodging
 + Level 2.0 Invocations


You couldn't memorise any spells.
You didn't know any spells.
Your spell library was empty.

Dungeon Overview and Level Annotations

Branches:
Dungeon (0/15)

Altars:


Innate Abilities, Weirdness & Mutations

You have hooves in place of feet.
Armour fits poorly on your strangely shaped body.
You cover ground very quickly.
You have extremely tough skin. (AC +3)


Message History

d - a +2 glaive of chopping (weapon)
Found 61 gold pieces.
Attack whom?
Press: ? - help, Dir - move target cursor, f - tentacled starspawn
Aim: a tentacled starspawn You reach to attack!
You hit the tentacled starspawn.
The tentacled starspawn is lightly damaged.
Tentacles burst from the starspawn's body! 2 starspawn tentacles come into view.
The starspawn tentacle grabs you. The starspawn tentacle constricts you.
Attack whom?
Press: ? - help, Dir - move target cursor, f/p - tentacled starspawn
Aim: a tentacled starspawn (lightly damaged)
You reach to attack!
You slash the tentacled starspawn!
The starspawn tentacle loses its grip on you.
The tentacled starspawn is lightly damaged.
The starspawn tentacle grabs you. The starspawn tentacle constricts you.
The tentacled starspawn bites you. The tentacled starspawn engulfs you!!
Ouch! That really hurt!
You die...

.. ..##... .........
.. .
#....#..........∩.....
..#.#............. . .
#..#.....#... #..##
.#.#.##..#
.#...#####.(..#
#...#..#..#>....#
#....X#.#.##... .
..$#@w.#### . .#..
#..#.# . .###.# .. #
#.. .#. #... . ..


You could see a tentacled starspawn and a starspawn tentacle.

Vanquished Creatures (others)
  A starspawn tentacle (Abyss:2)
1 creature vanquished.

Notes
Turn   | Place    | Note
-------+----------+-------------------------------------------
     0 | Abyss:1  | Gargoyl the Centaur Abyssal Knight began the quest for the
                  | Orb.
     0 | Abyss:1  | Reached XP level 1. HP: 19/19 MP: 2/2
     0 | Abyss:1  | Found a corrupted altar of Lugonu.
    27 | Abyss:2  | Found a corrupted altar of Lugonu.
    42 | Abyss:2  | Noticed a tentacled starspawn
    49 | Abyss:2  | Demolished by a tentacled starspawn

Levels and vault maps discovered:
Abyss:2

Action                   || total
-------------------------++-------
Melee: Glaive            ||     2

Table legend:
 A = Non-vault XP
 B = Vault XP
 C = Vault XP percentage of total XP
 D = Non-vault monster count
 E = Vault monster count
 F = Vault count percentage of total count
                 A         B        C        D         E       F
            +---------+---------+-------+---------+---------+-------
      Total |       0 |       0 |   N/A |       0 |       0 |  -nan
            +---------+---------+-------+---------+---------+-------
            +---------+---------+-------+---------+---------+-------
